[Event "Titled Tuesday Blitz August 15 Early 2023"]
[White "Goswami, Vedant"]
[Black "Baches Garcia, Guillermo"]
[WhiteFideId "5003725"]
[BlackFideId "2209764"]
[WhiteElo "2318"]
[BlackElo "2498"]
[Result "1-0"]
[Round "5"]
[TimeControl "180+1"]
[Date "2023.08.15"]
[WhiteClock "0:00:06"]
[BlackClock "0:00:00"]
[Board "130"]

1. c4 e5 2. Nc3 Nf6 3. e4 d6 4. Nf3 Be7 5. d4 Nbd7 6. Be2 O-O 7. O-O c6 8. Re1 Qc7 9. d5 Nc5 10. Qc2 a5 11. Be3 Ng4 12. Bd2 f5 13. Ng5 h6 14. Bxg4 fxg4 15. Ne6 Nxe6 16. dxe6 Bxe6 17. Na4 Rf6 18. Be3 Raf8 19. Bb6 Qd7 20. Re2 Bd8 21. Rd1 Bxb6 22. Nxb6 Qc7 23. c5 dxc5 24. Qxc5 Qf7 25. Rdd2 Bxa2 26. Nd7 Qe6 27. Nxf8 Rxf8 28. Qxa5 Bc4 29. Re1 b5 30. Qc7 Rf7 31. Qd6 Qxd6 32. Rxd6 Ra7 33. Rxc6 Ra2 34. Rd1 Rxb2 35. h3 gxh3 36. gxh3 Be2 37. Rd7 Bf3 38. Rcc7 Bxe4 39. Rxg7+ Kh8 40. Rge7 Rb1+ 41. Kh2 Rh1+ 42. Kg3 Rg1+ 43. Kh4 Bh7 44. Rxh7+ 1-0


[Site "https://www.chess.com"]

[Event "Titled Tuesday Blitz August 15 Early 2023"]
[White "Iljin, Timofey"]
[Black "rionelG"]
[WhiteFideId "14110180"]
[WhiteElo "2494"]
[BlackElo "2320"]
[Result "0-1"]
[Round "5"]
[TimeControl "180+1"]
[Date "2023.08.15"]
[WhiteClock "0:00:58"]
[BlackClock "0:00:26"]
[Board "131"]

1. e4 c5 2. c3 d5 3. exd5 Qxd5 4. d4 Nc6 5. Nf3 Nf6 6. Be2 cxd4 7. cxd4 e6 8. O-O Be7 9. Nc3 Qd6 10. h3 O-O 11. Be3 Nb4 12. a3 Nbd5 13. Qb3 b6 14. Ne5 Bb7 15. Bf3 Rac8 16. Rac1 Rfd8 17. Ne4 Nxe4 18. Bxe4 Ba8 19. Bd2 g6 20. Qf3 Bf6 21. Bxd5 Bxe5 22. Rxc8 Bxd5 23. Rxd8+ Qxd8 24. Qg4 Bb8 25. Bg5 Qd6 26. Bf6 Qh2# 0-1


[Site "https://www.chess.com"]

[Event "Titled Tuesday Blitz August 15 Early 2023"]
[White "feuervogel1000000"]
[Black "Huynh, Lam Binh Nguyen"]
[BlackFideId "12401633"]
[WhiteElo "2493"]
[BlackElo "2307"]
[Result "1-0"]
[Round "5"]
[TimeControl "180+1"]
[Date "2023.08.15"]
[WhiteClock "0:00:48"]
[BlackClock "0:00:01"]
[Board "132"]

1. e4 e6 2. d4 d5 3. Nc3 Bb4 4. e5 b6 5. Qg4 Bf8 6. Nf3 Ne7 7. h4 Nf5 8. h5 h6 9. Bd3 Nc6 10. Bxf5 exf5 11. Qf4 Be6 12. Be3 Qd7 13. O-O-O Be7 14. Ne2 O-O-O 15. Qg3 Rdg8 16. Nf4 Kb7 17. Ne1 Nd8 18. Qf3 f6 19. Ng6 Rh7 20. Nd3 Nf7 21. Bf4 Ng5 22. Qe3 Re8 23. Rhe1 Bd8 24. Kb1 a6 25. exf6 gxf6 26. Qg3 Ne4 27. Qh4 Bf7 28. f3 Nd6 29. Bxd6 Qxd6 30. Qf4 Qd7 31. Rxe8 Bxe8 32. Nf8 Qf7 33. Nxh7 Qxh7 34. Re1 Bd7 35. Qg3 Qf7 36. Qg6 Qf8 37. g4 fxg4 38. fxg4 Kc8 39. a3 c5 40. dxc5 bxc5 41. Nf4 Qd6 42. Qxh6 Bxg4 43. Ng6 Bf5 44. Qf8 Qg3 45. Qxc5+ Kd7 46. Nf8# 1-0


[Site "https://www.chess.com"]

[Event "Titled Tuesday Blitz August 15 Early 2023"]
[White "Mikhaylova, Irina"]
[Black "Eidelman, Gabriel"]
[WhiteFideId "4109040"]
[BlackFideId "30910544"]
[WhiteElo "2301"]
[BlackElo "2491"]
[Result "1-0"]
[Round "5"]
[TimeControl "180+1"]
[Date "2023.08.15"]
[WhiteClock "0:02:51"]
[BlackClock "0:00:00"]
[Board "133"]

1. d4 g6 2. Nf3 Bg7 3. c4 Nf6 4. Nc3 O-O 5. e4 d6 6. Be2 e5 7. dxe5 dxe5 8. Qxd8 Rxd8 9. Bg5 Re8 10. Nd5 Nxd5 11. cxd5 c6 12. Bc4 cxd5 13. Bxd5 Nc6 14. O-O-O Be6 15. Bxe6 Rxe6 16. Rd7 Rc8 17. Kb1 Nd4 18. Rxb7 1-0


[Site "https://www.chess.com"]

[Event "Titled Tuesday Blitz August 15 Early 2023"]
[White "Marn, Jan"]
[Black "Kaminski, Victor"]
[WhiteFideId "14619245"]
[BlackFideId "1131630"]
[WhiteElo "2488"]
[BlackElo "2295"]
[Result "1/2-1/2"]
[Round "5"]
[TimeControl "180+1"]
[Date "2023.08.15"]
[WhiteClock "0:00:03"]
[BlackClock "0:00:03"]
[Board "134"]

1. f4 c5 2. Nf3 Nc6 3. e3 d5 4. Bb5 Bg4 5. h3 Bxf3 6. Qxf3 e6 7. c4 Nf6 8. Nc3 Rc8 9. O-O Be7 10. d3 O-O 11. Bxc6 Rxc6 12. e4 dxc4 13. dxc4 Qd4+ 14. Be3 Qxc4 15. e5 Nd5 16. Nxd5 Qxd5 17. Rad1 Qxf3 18. Rxf3 Rd8 19. Rxd8+ Bxd8 20. Kf2 Bb6 21. Ke2 c4 22. Bd2 Bd4 23. Bc3 Bxc3 24. Rxc3 h5 25. Ke3 Kh7 26. g4 f6 27. Kd4 Kg6 28. exf6 gxf6 29. Re3 hxg4 30. hxg4 Rb6 31. Re2 Rc6 32. Rc2 b5 33. b3 a6 34. bxc4 bxc4 35. Rxc4 Rd6+ 36. Ke3 Rb6 37. a4 Rb3+ 38. Kf2 Ra3 39. Re4 Kf7 40. Rb4 Ra2+ 41. Kg3 Ra3+ 42. Kh4 Kg6 43. Rb6 Rxa4 44. Rxe6 Rxf4 45. Rxa6 Rd4 46. Kg3 Rc4 47. Rb6 Rd4 48. Rc6 Rb4 49. Ra6 Rc4 50. Kf3 Rb4 51. Ra5 Rc4 52. Kg3 Rb4 53. Ra8 Rc4 54. Rg8+ Kf7 55. Rb8 Kg6 56. Kh4 f5 57. Rb6+ Kf7 58. Rb7+ Kf6 59. Rb6+ Ke5 60. Rb5+ Kf4 61. Rxf5+ Ke4 62. Kg5 Rc8 63. Ra5 Rg8+ 64. Kh5 Rh8+ 65. Kg5 Rg8+ 66. Kh4 Kf3 67. Ra3+ Kf4 68. Ra4+ Kf3 69. Kh5 Rh8+ 70. Kg5 Rg8+ 71. Kf5 Rf8+ 72. Ke6 Rg8 73. Kf5 Rf8+ 74. Kg6 Rg8+ 75. Kf5 1/2-1/2


[Site "https://www.chess.com"]

[Event "Titled Tuesday Blitz August 15 Early 2023"]
[White "bteillet"]
[Black "Bochnicka, Vladimir"]
[BlackFideId "14943450"]
[WhiteElo "2255"]
[BlackElo "2487"]
[Result "1-0"]
[Round "5"]
[TimeControl "180+1"]
[Date "2023.08.15"]
[WhiteClock "0:01:01"]
[BlackClock "0:00:15"]
[Board "135"]

1. b4 e5 2. Bb2 Bxb4 3. Bxe5 Nf6 4. e3 Nc6 5. Bb2 O-O 6. Nf3 d5 7. Be2 Re8 8. O-O h6 9. d4 Bf5 10. Nbd2 Bd6 11. c4 Ne7 12. c5 Ng6 13. cxd6 Qxd6 14. Ne5 c6 15. a4 Nh7 16. Ndf3 f6 17. Nxg6 Bxg6 18. Qb3 Be4 19. Nd2 Bf5 20. Bf3 Ng5 21. Ba3 Qd7 22. Be2 h5 23. Bd3 h4 24. Qc2 Be4 25. Bxe4 dxe4 26. Qc5 Qg4 27. Kh1 h3 28. Rg1 Qe2 29. Qc1 Qxf2 30. Qe1 Qf5 31. Qg3 Kf7 32. Raf1 Qg6 33. gxh3 Rh8 34. Qxg5 1-0


[Site "https://www.chess.com"]

[Event "Titled Tuesday Blitz August 15 Early 2023"]
[White "Ankerst, Mihael"]
[Black "Sarkar, Justin"]
[WhiteFideId "14602369"]
[BlackFideId "2010011"]
[WhiteElo "2481"]
[BlackElo "2252"]
[Result "1-0"]
[Round "5"]
[TimeControl "180+1"]
[Date "2023.08.15"]
[WhiteClock "0:02:06"]
[BlackClock "0:00:00"]
[Board "136"]

1. e4 c5 2. Nf3 d6 3. d4 cxd4 4. Nxd4 Nf6 5. Nc3 a6 6. Bc4 b5 7. Bb3 e6 8. Bg5 Be7 9. Qf3 Qc7 10. O-O-O O-O 11. e5 Bb7 12. exf6 gxf6 13. Nd5 fxg5 14. Nxc7 Bxf3 15. Nxa8 Bxa8 16. f3 Nc6 17. Nxc6 Bxc6 18. Rhe1 d5 19. c3 Bd6 20. h3 Bg3 21. Re2 Kg7 22. a3 h5 23. Bc2 h4 24. Bd3 e5 25. Bf5 Rd8 26. Kc2 Kf6 27. Bd3 Ke6 28. a4 f5 29. axb5 axb5 30. Kb1 1-0


[Site "https://www.chess.com"]

[Event "Titled Tuesday Blitz August 15 Early 2023"]
[White "Zaichenko, Daria"]
[Black "Dias, Paulo"]
[WhiteFideId "4197453"]
[BlackFideId "1900803"]
[WhiteElo "2229"]
[BlackElo "2480"]
[Result "0-1"]
[Round "5"]
[TimeControl "180+1"]
[Date "2023.08.15"]
[WhiteClock "0:01:36"]
[BlackClock "0:01:17"]
[Board "137"]

1. e4 e5 2. Nf3 Nc6 3. Bc4 Bc5 4. d3 Nf6 5. O-O a6 6. Re1 h6 7. c3 Ba7 8. d4 d6 9. dxe5 Ng4 10. Rf1 Ngxe5 11. Nxe5 Nxe5 12. Bb3 O-O 13. h3 Qh4 14. Qe2 Bxh3 15. gxh3 Qg3+ 16. Kh1 Qxh3+ 17. Kg1 Nf3+ 18. Qxf3 Qxf3 19. Nd2 Qg3+ 20. Kh1 Bxf2 0-1


[Site "https://www.chess.com"]

[Event "Titled Tuesday Blitz August 15 Early 2023"]
[White "Pert, Nina"]
[Black "Pandey Srishti"]
[WhiteFideId "456853"]
[BlackFideId "35093290"]
[WhiteElo "2199"]
[BlackElo "2479"]
[Result "0-1"]
[Round "5"]
[TimeControl "180+1"]
[Date "2023.08.15"]
[WhiteClock "0:00:01"]
[BlackClock "0:00:38"]
[Board "138"]

1. e4 e5 2. Nf3 Nc6 3. Bc4 Bc5 4. c3 Nf6 5. d4 exd4 6. e5 d5 7. Bb5 Ne4 8. cxd4 Bb6 9. O-O O-O 10. Nc3 Bg4 11. h3 Bh5 12. Bxc6 bxc6 13. Be3 Rb8 14. Qc2 Bxf3 15. gxf3 Ng5 16. Kg2 f5 17. f4 Ne6 18. Rad1 Qh4 19. Ne2 Qh6 20. Kh2 Nd8 21. Rg1 Kh8 22. Rg3 Rf7 23. Rdg1 Qe6 24. R1g2 Qd7 25. Ng1 Ne6 26. Nf3 Rbf8 27. Ng5 Nxd4 28. Bxd4 Bxd4 29. Nxf7+ Rxf7 30. Rd3 Bb6 31. Qe2 Qe6 32. Rdg3 g6 33. Rg1 c5 34. Rc1 c4 35. b3 cxb3 36. Rxb3 Re7 37. a4 d4 38. Rb5 c6 39. Rb2 Qd5 40. Qc4 Qf3 41. Qxc6 Qxf4+ 42. Kg1 Rxe5 43. a5 Rxa5 44. Qc8+ Kg7 45. Rxb6 axb6 46. Rc7+ Kh6 47. Qf8+ Kg5 48. Qe7+ Kh5 49. Qxh7+ Qh6 50. Qxh6+ Kxh6 51. Rd7 Ra4 52. Rd5 Rb4 53. Kf1 Kg5 54. Ke2 Kf4 55. Rd6 g5 56. Rh6 Rb2+ 57. Kd3 Rxf2 58. Kxd4 b5 59. Rb6 Rb2 60. Rh6 b4 61. Kc4 Rb1 62. Rb6 b3 63. Rg6 b2 64. Kc3 Rh1 65. Kxb2 Rxh3 66. Ra6 g4 67. Ra4+ Kg5 68. Kc2 Rf3 69. Kd2 g3 70. Ke2 Rf2+ 71. Ke1 f4 72. Ra8 Kg4 73. Rg8+ Kf3 74. Rg7 Re2+ 75. Kf1 g2+ 76. Kg1 Re1+ 77. Kh2 Rh1# 0-1


[Site "https://www.chess.com"]

[Event "Titled Tuesday Blitz August 15 Early 2023"]
[White "Shuvalov, Evgenij"]
[Black "le-castor-faineant"]
[WhiteFideId "4187237"]
[WhiteElo "2473"]
[BlackElo "2192"]
[Result "1-0"]
[Round "5"]
[TimeControl "180+1"]
[Date "2023.08.15"]
[WhiteClock "0:00:37"]
[BlackClock "0:00:00"]
[Board "139"]

1. d4 Nf6 2. c4 g6 3. Nc3 Bg7 4. e4 d6 5. Nf3 O-O 6. Be2 Nc6 7. O-O e5 8. d5 Ne7 9. Ne1 Ne8 10. f3 f5 11. g4 f4 12. h4 h5 13. g5 c5 14. Rf2 Bd7 15. Bf1 Nc7 16. Rb1 a5 17. b3 Qb8 18. a3 b5 19. cxb5 Nxb5 20. Nxb5 Bxb5 21. Bxb5 Qxb5 22. a4 Qd7 23. Nd3 Rfb8 24. Nb2 Qh3 25. Rh2 Qg3+ 26. Rg2 Qxh4 27. Nc4 Nc8 28. Bd2 Bf8 29. Bxa5 Be7 30. Be1 Qh3 31. b4 cxb4 32. Rxb4 Rxb4 33. Bxb4 Rb8 34. Ba3 Qd7 35. a5 Qb5 36. Rb2 Qxc4 37. Rxb8 Kf7 38. Qf1 Qd4+ 39. Kh1 Na7 40. Rb7 1-0


[Site "https://www.chess.com"]

[Event "Titled Tuesday Blitz August 15 Early 2023"]
[White "Molenda, Marcin"]
[Black "Seifert, Henryk"]
[WhiteFideId "1173065"]
[BlackFideId "1100963"]
[WhiteElo "2466"]
[BlackElo "2076"]
[Result "1-0"]
[Round "5"]
[TimeControl "180+1"]
[Date "2023.08.15"]
[WhiteClock "0:01:08"]
[BlackClock "0:00:19"]
[Board "140"]

1. e4 e6 2. Nf3 d5 3. e5 c5 4. c3 Nc6 5. a3 Bd7 6. d4 cxd4 7. cxd4 Qb6 8. Nc3 Rc8 9. Be2 Na5 10. O-O Nb3 11. Rb1 Ne7 12. Bg5 Nf5 13. g4 Nfxd4 14. Nxd4 Nxd4 15. Bd3 Nc6 16. Kh1 Nxe5 17. Bc2 Bc6 18. f3 Nc4 19. Qe2 Bd6 20. h4 O-O 21. h5 Rce8 22. Qd3 Ne5 23. Qxh7# 1-0


[Site "https://www.chess.com"]

[Event "Titled Tuesday Blitz August 15 Early 2023"]
[White "Spichkin, Alexander"]
[Black "Samarth J Rao"]
[WhiteFideId "4144074"]
[BlackFideId "46652370"]
[WhiteElo "2465"]
[BlackElo "2007"]
[Result "1/2-1/2"]
[Round "5"]
[TimeControl "180+1"]
[Date "2023.08.15"]
[WhiteClock "0:01:13"]
[BlackClock "0:00:03"]
[Board "141"]

1. f4 g6 2. Nf3 Bg7 3. e4 d6 4. d3 c5 5. Be2 Nc6 6. O-O Nf6 7. Nc3 O-O 8. Qe1 Rb8 9. a4 a6 10. Qh4 b5 11. axb5 axb5 12. f5 Nd4 13. Bd1 Nxf3+ 14. Rxf3 b4 15. Ne2 d5 16. Bh6 dxe4 17. dxe4 e5 18. Rh3 Nh5 19. Bxg7 Qxh4 20. Rxh4 Kxg7 21. g4 Nf4 22. Nxf4 exf4 23. Bf3 g5 24. Rh3 Bb7 25. e5 Bxf3 26. Rxf3 Rfe8 27. Re1 Rbd8 28. c3 Rd5 29. cxb4 cxb4 30. e6 fxe6 31. fxe6 Rd6 32. Rb3 Rb6 33. Re4 Rexe6 34. Rxe6 Rxe6 35. Rxb4 Rc6 36. h4 h6 37. hxg5 hxg5 38. Kf2 Kf6 39. Kf3 Rd6 40. Ke4 Re6+ 41. Kf3 Re3+ 42. Kf2 Re6 43. Rb8 Rc6 44. Kf3 Re6 45. Kf2 Rc6 46. Rb5 Rc2+ 47. Kf3 Rc6 48. Rf5+ Kg6 49. b4 Rc3+ 50. Ke4 Re3+ 51. Kd5 Rg3 52. Rf8 Rxg4 53. b5 Rg1 54. b6 Rd1+ 55. Kc6 Kh5 56. b7 Rb1 57. Rf5 Rxb7 58. Kxb7 Kg4 59. Rf8 f3 60. Kc6 Kg3 61. Kd5 f2 62. Rf5 Kg2 63. Rxg5+ Kh2 64. Rf5 Kg2 65. Rg5+ Kh2 66. Rh5+ Kg2 67. Rf5 f1=Q 68. Rxf1 Kxf1 1/2-1/2


[Site "https://www.chess.com"]

[Event "Titled Tuesday Blitz August 15 Early 2023"]
[White "TomLiu777"]
[Black "Javakhadze, Zurab"]
[BlackFideId "13603647"]
[WhiteElo "2431"]
[BlackElo "2753"]
[Result "0-1"]
[Round "5"]
[TimeControl "180+1"]
[Date "2023.08.15"]
[WhiteClock "0:00:00"]
[BlackClock "0:00:03"]
[Board "142"]

1. c4 Nf6 2. Nc3 g6 3. g3 Bg7 4. Bg2 O-O 5. d4 d6 6. Nf3 Nbd7 7. O-O e5 8. e3 Re8 9. a4 a5 10. b3 Rb8 11. Ra2 b6 12. Ba3 Bb7 13. Rd2 e4 14. Ng5 h6 15. Nh3 g5 16. Kh1 Nf8 17. d5 Ng6 18. Bb2 Qe7 19. Ng1 Bc8 20. Nge2 Bg4 21. Qb1 Bf3 22. Nd4 g4 23. Nf5 Qe5 24. Nxg7 Kxg7 25. Bxf3 gxf3 26. Rd4 Kg8 27. Rg1 Ng4 28. Qf1 Qh5 29. h3 f5 30. Rd2 N6e5 31. Nb5 Nd3 32. Rxd3 exd3 33. Bc3 Re7 34. Nd4 Re4 35. Nxf3 Rbe8 36. Nd2 R4e7 37. Bd4 Ne5 38. Kg2 Kf7 39. f4 Rg8 40. fxe5 dxe5 41. Bc3 Ke8 42. Qf3 Qg5 43. Kf2 e4 44. Qf4 Qh5 45. g4 Qxh3 46. Rg2 Qh4+ 47. Qg3 Qg5 48. d6 cxd6 49. Qxd6 Qh4+ 50. Qg3 Rxg4 0-1


[Site "https://www.chess.com"]

[Event "Titled Tuesday Blitz August 15 Early 2023"]
[White "Veiga, Jose Francisco R P Neves"]
[Black "Harriott, Tyrell"]
[WhiteFideId "1930087"]
[BlackFideId "2086484"]
[WhiteElo "2673"]
[BlackElo "2422"]
[Result "1-0"]
[Round "5"]
[TimeControl "180+1"]
[Date "2023.08.15"]
[WhiteClock "0:00:18"]
[BlackClock "0:00:15"]
[Board "143"]

1. c4 e6 2. e4 d5 3. e5 c5 4. Nf3 Nc6 5. cxd5 exd5 6. Bb5 Ne7 7. d4 Ng6 8. O-O c4 9. b3 cxb3 10. Qxb3 Be7 11. Ba3 O-O 12. Bxe7 Ngxe7 13. Nc3 Be6 14. Bd3 Qb6 15. Nb5 Nf5 16. Bxf5 Bxf5 17. Nd6 Qxb3 18. axb3 Bg4 19. Rfd1 b6 20. Rdc1 Bxf3 21. Rxc6 Be2 22. Rc7 a5 23. f4 b5 24. Kf2 Bd3 25. Ke3 Be4 26. Nxe4 dxe4 27. Kxe4 a4 28. bxa4 bxa4 29. Rc4 a3 30. Rc3 a2 31. Rc2 Ra3 32. Rcxa2 Rb3 33. Ra8 g6 34. Rxf8+ Kxf8 35. d5 Rb2 36. Ra8+ Ke7 37. d6+ Kd7 38. Ra7+ Ke8 39. Kf3 Rb3+ 40. Kg4 h6 41. g3 Rb2 42. h4 Rb3 43. Ra8+ Kd7 44. Rh8 h5+ 45. Kg5 Rxg3+ 46. Kf6 Rg4 47. Kxf7 Rxf4+ 48. Kxg6 Rxh4 49. Rxh5 Rf4 50. Rf5 Re4 51. Kf7 Re1 52. Kf6 Re2 53. Rf4 Rh2 54. e6+ Kxd6 55. Rd4+ Kc7 56. e7 Rf2+ 57. Kg7 Rg2+ 58. Kf8 Rf2+ 59. Ke8 Rg2 60. Rc4+ Kb7 61. Kd7 Rd2+ 62. Ke6 Re2+ 63. Kd6 Rd2+ 64. Ke5 Re2+ 65. Re4 Rxe4+ 66. Kxe4 Kc7 67. e8=Q Kd6 68. Qg6+ Kc7 69. Kd5 Kd7 70. Qf7+ Kc8 71. Kc6 1-0


[Site "https://www.chess.com"]

[Event "Titled Tuesday Blitz August 15 Early 2023"]
[White "Ivanov, Alexey"]
[Black "Shohat, Yotam"]
[WhiteFideId "4167635"]
[BlackFideId "2813955"]
[WhiteElo "2599"]
[BlackElo "2421"]
[Result "0-1"]
[Round "5"]
[TimeControl "180+1"]
[Date "2023.08.15"]
[WhiteClock "0:00:04"]
[BlackClock "0:00:04"]
[Board "144"]

1. a3 e5 2. c4 Nf6 3. e3 c6 4. d4 exd4 5. Qxd4 d5 6. Nc3 Be7 7. Nf3 O-O 8. Bd2 Be6 9. cxd5 cxd5 10. Rc1 Nc6 11. Qa4 Qb6 12. b4 d4 13. Nb5 Ne4 14. Nbxd4 Nxd4 15. exd4 Nxd2 16. Kxd2 a5 17. Qb5 Qd6 18. Bc4 Qf4+ 19. Ke2 Rac8 20. bxa5 Bxa3 21. Bxe6 Rxc1 22. Rxc1 Qxc1 23. Bd5 Qc2+ 24. Ke1 Bb2 25. g3 Bc3+ 26. Kf1 h6 27. Bxb7 Qd1+ 28. Kg2 Qa1 29. a6 Bxd4 30. Nxd4 Qxd4 31. Bf3 Qa7 32. Bb7 Rb8 33. h4 g6 34. Qd5 h5 35. Qe4 Kg7 36. Qd3 Rxb7 37. Qc3+ Kh7 38. axb7 Qxb7+ 39. Kh2 Qe7 40. Qf3 Qe6 41. Qf4 Kg7 42. Qd4+ Kg8 43. Qa7 Qf5 44. Qb6 Qf3 45. Qc5 Qf6 46. Qe3 Kg7 47. Kg2 Qf5 48. Qd4+ Qf6 49. Qxf6+ Kxf6 50. Kf3 Kf5 51. Ke3 Kg4 52. Ke4 Kh3 53. Kf4 Kg2 54. f3 Kh3 55. g4 Kxh4 56. gxh5 Kxh5 57. Kg3 Kg5 58. f4+ Kf5 59. Kf3 f6 60. Ke3 Kg4 61. Ke4 Kg3 62. f5 g5 63. Kd5 Kh4 64. Ke6 g4 65. Kxf6 g3 66. Ke7 g2 67. f6 g1=Q 68. f7 Qg7 69. Ke8 Qe5+ 70. Kd7 Qf6 71. Ke8 Qe6+ 72. Kf8 Kg5 73. Kg7 Qh6+ 74. Kg8 Qg6+ 75. Kh8 Qf6+ 76. Kg8 Qe6 77. Kg7 Qe7 78. Kg8 Kg6 79. f8=Q Qh7# 0-1


[Site "https://www.chess.com"]

[Event "Titled Tuesday Blitz August 15 Early 2023"]
[White "Gheorghiu, Calin"]
[Black "NovoselovRoman"]
[WhiteFideId "1200305"]
[WhiteElo "2405"]
[BlackElo "2584"]
[Result "1-0"]
[Round "5"]
[TimeControl "180+1"]
[Date "2023.08.15"]
[WhiteClock "0:00:15"]
[BlackClock "0:00:00"]
[Board "145"]

1. e4 d5 2. exd5 Qxd5 3. Nc3 Qd6 4. Nf3 Nf6 5. d4 c6 6. g3 Bf5 7. Bf4 Qd8 8. Bg2 e6 9. O-O Be7 10. Re1 O-O 11. Ne5 Nbd7 12. g4 Nxe5 13. gxf5 Nc4 14. b3 Bb4 15. Qd3 Nb6 16. fxe6 fxe6 17. Bg5 Nbd5 18. Nxd5 exd5 19. c3 Bd6 20. Qh3 Qc7 21. Re6 Nd7 22. Rae1 Bf4 23. Be7 Rf7 24. Ba3 h6 25. Qh5 Nf6 26. Qg6 1-0


[Site "https://www.chess.com"]

[Event "Titled Tuesday Blitz August 15 Early 2023"]
[White "Llanos, Guillermo"]
[Black "Zavgorodniy, Sergiy"]
[WhiteFideId "100358"]
[BlackFideId "14110148"]
[WhiteElo "2413"]
[BlackElo "2578"]
[Result "0-1"]
[Round "5"]
[TimeControl "180+1"]
[Date "2023.08.15"]
[WhiteClock "0:00:02"]
[BlackClock "0:00:24"]
[Board "146"]

1. b3 b6 2. Bb2 Bb7 3. Nf3 Nf6 4. g3 g6 5. Bg2 Bg7 6. O-O O-O 7. c4 c5 8. Nc3 Nc6 9. Rc1 d5 10. cxd5 Nxd5 11. Qc2 Rc8 12. Nxd5 Qxd5 13. Bxg7 Kxg7 14. Qb2+ f6 15. d3 e5 16. Nd2 Qd7 17. a3 Nd4 18. Rfe1 Bxg2 19. Kxg2 Qd5+ 20. Kg1 a5 21. Nc4 Rc6 22. b4 cxb4 23. axb4 a4 24. Ne3 Qb5 25. Rxc6 Qxc6 26. Nc4 b5 27. Nd2 Rc8 28. e3 Qc2 29. Qa1 Nb3 30. Nxb3 axb3 31. Kg2 Qxd3 32. Qa7+ Kh6 33. Qe7 Qe4+ 34. Kh3 Qf5+ 35. Kg2 e4 36. Rb1 Rc2 37. Rf1 b2 38. Qf8+ Kh5 39. h3 Qf3+ 40. Kg1 b1=Q 41. g4+ Kg5 42. h4+ Kxg4 0-1


[Site "https://www.chess.com"]

[Event "Titled Tuesday Blitz August 15 Early 2023"]
[White "Santos Flores, Alberto"]
[Black "Kazakov, Mikhail"]
[WhiteFideId "3601234"]
[BlackFideId "14102749"]
[WhiteElo "2538"]
[BlackElo "2403"]
[Result "1-0"]
[Round "5"]
[TimeControl "180+1"]
[Date "2023.08.15"]
[WhiteClock "0:00:14"]
[BlackClock "0:00:00"]
[Board "147"]

1. e4 c5 2. Nf3 d6 3. Bb5+ Bd7 4. Bxd7+ Qxd7 5. c4 Nc6 6. d4 cxd4 7. Nxd4 Nf6 8. Nc3 g6 9. f3 Bg7 10. Be3 O-O 11. Rc1 e6 12. O-O Rac8 13. b3 d5 14. Nxc6 bxc6 15. e5 Ne8 16. Bc5 Bxe5 17. Bxf8 Kxf8 18. Re1 Qd6 19. Ne2 Bxh2+ 20. Kf2 Be5 21. Qd2 Bg7 22. cxd5 exd5 23. Qf4 Qd7 24. Rc2 Nc7 25. Nd4 Bxd4+ 26. Qxd4 Ne6 27. Qh8+ Ke7 28. Qxh7 d4 29. Qh4+ Kf8 30. Qf6 Qd8 31. Qxd8+ Nxd8 32. Rec1 Rc7 33. Rc4 Rd7 34. Rd1 Ne6 35. Rxc6 Ke7 36. Rc4 Kf6 37. g3 g5 38. b4 Ke5 39. Rc8 Rb7 40. a3 a5 41. bxa5 Rb2+ 42. Kf1 Ra2 43. a6 Rxa3 44. Ra8 Kd5 45. Ke2 Ke5 46. a7 f6 47. Rd3 Ra2+ 48. Rd2 Ra3 49. Rb2 Ra4 50. Rb5+ Kd6 51. Rb7 Kc6 52. Re7 Nc5 53. Rc8+ Kd6 54. Rh7 Ra2+ 55. Kf1 Ra1+ 56. Kg2 Ra2+ 57. Kh3 Nd3 58. a8=Q Nf2+ 59. Kg2 Rd2 60. Rd8+ 1-0


[Site "https://www.chess.com"]

[Event "Titled Tuesday Blitz August 15 Early 2023"]
[White "Buscar, Michael"]
[Black "Plotnikov, Pavel"]
[WhiteFideId "2603616"]
[BlackFideId "4170342"]
[WhiteElo "2401"]
[BlackElo "2520"]
[Result "1-0"]
[Round "5"]
[TimeControl "180+1"]
[Date "2023.08.15"]
[WhiteClock "0:00:17"]
[BlackClock "0:00:14"]
[Board "148"]

1. Nf3 Nf6 2. c4 g6 3. g3 Bg7 4. Bg2 O-O 5. O-O d6 6. d3 Nc6 7. Nc3 e5 8. Rb1 Nh5 9. Ne1 f5 10. Nc2 Be6 11. b4 Rb8 12. Nd5 Ne7 13. Bg5 Nf6 14. Nce3 c6 15. Nxf6+ Bxf6 16. Bxf6 Rxf6 17. b5 d5 18. Qa4 f4 19. Nc2 cxb5 20. cxb5 Qb6 21. Qb4 Nf5 22. gxf4 exf4 23. Qxf4 Rbf8 24. Qe5 d4 25. a4 Bd7 26. Nb4 Re8 27. Qd5+ Be6 28. Qxb7 Qd6 29. Qc6 Qe7 30. Nd5 Bxd5 31. Qxd5+ Kg7 32. a5 Nh4 33. Be4 Rd6 34. Qc5 Qf6 35. f4 Rde6 36. Qg5 Qxg5+ 37. fxg5 Re5 38. b6 Rxg5+ 39. Kh1 Rxa5 40. b7 Rb8 41. Rfc1 Nf5 42. Rc7+ Kh6 43. Rc8 Rxb7 44. Bxb7 Nd6 45. Rc7 Re5 46. Bf3 Nf5 47. Rxa7 Rc5 48. Ra2 Rc2 49. Rxc2 Ne3 50. Rcb2 Kg5 51. Kg1 Kh4 52. Kf2 g5 53. Rb4 g4 54. Rxd4 Kh3 55. Rxg4 h5 56. Rg3+ Kh4 57. Rh3+ Kxh3 58. Kxe3 h4 59. Rb4 Kxh2 60. Rxh4+ Kg3 61. Rg4+ Kh2 62. d4 Kh3 63. d5 Kh2 64. d6 Kh3 65. d7 Kh2 66. d8=Q Kh3 67. Qh4# 1-0


[Site "https://www.chess.com"]

[Event "Titled Tuesday Blitz August 15 Early 2023"]
[White "Avazkhonov, Alikhon"]
[Black "Hristodoulou, Panagiotis"]
[WhiteFideId "14208504"]
[BlackFideId "4214340"]
[WhiteElo "2392"]
[BlackElo "2509"]
[Result "0-1"]
[Round "5"]
[TimeControl "180+1"]
[Date "2023.08.15"]
[WhiteClock "0:00:01"]
[BlackClock "0:02:11"]
[Board "149"]

1. d4 Nf6 2. c4 e6 3. Nc3 Bb4 4. e3 O-O 5. Bd2 b6 6. Nf3 Bb7 7. Bd3 d6 8. O-O Nbd7 9. a3 Bxc3 10. Bxc3 Qe7 11. Qc2 e5 12. Be2 Ne4 13. Rfd1 Nxc3 14. Qxc3 Rae8 15. b4 exd4 16. Nxd4 Ne5 17. f4 Nd7 18. Nf5 Qf6 19. Qxf6 Nxf6 20. Kf2 Ne4+ 21. Ke1 Nc3 22. Rdc1 Ne4 23. Bf3 g6 24. Nd4 a6 25. Ne2 Re7 26. Bxe4 Rxe4 27. Kf2 Rfe8 28. Rc3 Kg7 29. Ng3 R4e7 30. c5 dxc5 31. bxc5 b5 32. c6 Bc8 33. Rd1 h5 34. h4 Bg4 35. e4 Bxd1 0-1


[Site "https://www.chess.com"]

[Event "Titled Tuesday Blitz August 15 Early 2023"]
[White "Kovalevsky, Stanislav"]
[Black "Melikhov, Evgeny V."]
[WhiteFideId "13508598"]
[BlackFideId "4122046"]
[WhiteElo "2509"]
[BlackElo "2389"]
[Result "1/2-1/2"]
[Round "5"]
[TimeControl "180+1"]
[Date "2023.08.15"]
[WhiteClock "0:00:09"]
[BlackClock "0:00:09"]
[Board "150"]

1. c4 e5 2. Nc3 d6 3. g3 f5 4. Bg2 Nf6 5. e4 Nc6 6. d3 Be7 7. Nge2 O-O 8. O-O a6 9. h3 Rb8 10. a4 a5 11. Nd5 Nb4 12. Nxe7+ Qxe7 13. Kh2 b6 14. Nc3 f4 15. gxf4 exf4 16. Bxf4 Nxe4 17. Nxe4 Rxf4 18. Qh5 Rh4 19. Qf3 Bb7 20. Rae1 Rf8 21. Qg3 Bxe4 22. Bxe4 Qf6 23. Re3 Rf4 24. f3 Nc2 25. Re2 Nd4 26. Rg2 g6 27. Rgf2 Kg7 28. Kg2 Ne6 29. Kh1 Nc5 30. Kg2 Nxe4 31. fxe4 Rxf2+ 32. Rxf2 Qxf2+ 33. Qxf2 Rxf2+ 34. Kxf2 Kf6 35. d4 g5 36. Kf3 h5 37. Kg3 c5 38. e5+ dxe5 39. d5 e4 40. Kf2 Ke5 41. Kg3 Kf5 42. Kf2 g4 43. h4 Ke5 44. Kg3 e3 45. Kg2 Kf5 46. Kg3 Kf6 47. Kg2 Ke5 48. Kg3 Kd6 49. Kg2 Kd7 50. Kg3 Ke7 51. Kg2 Kf7 52. Kg3 Kg6 53. Kg2 Kf5 54. Kg3 Ke5 55. Kg2 Kd6 56. Kg3 Ke5 1/2-1/2


[Site "https://www.chess.com"]